 Dungeon Crawl Stone Soup: Circus Animals version 1.7-37-g2c94cca (webtiles) character file.

28243 AlphabetPasta the Earth Mage (level 19, -6/212 HPs) *STANDARD*
             Began as a Formicid Earth Elementalist on Sept 12, 2016.
             Was the Champion of Vehumet.
             Mangled by a sixfirhy (15 damage)
             ... summoned by an orc high priest
             ... on level 7 of the Orcish Mines on Sept 13, 2016.
             The game lasted 02:44:01 (25557 turns).

AlphabetPasta the Earth Mage (FoEE)                Turns: 25557, Time: 02:44:01

Health: -6/212     AC:  5    Str: 15    XL:     19   Next: 9%
Magic:  68/75      EV:  9    Int: 23    God:    Vehumet [******]
Gold:   2188       SH: 20    Dex: 12    Spells: 8 memorised, 16 levels left

rFire  . . .     rPois    +     r - +1 great sword of Reason {holy, SInv}
rCold  + . .     rElec    .     m - +1 robe {MR+}
rNeg   + . .     rCorr    +     L - +0 large shield {rN+} MagicSh . . . SeeInvis +
                                (helmet unavailable) StaminaSh . . . Faith .
                                M - +1 cloak {rPois} RegenHP ++++......
SustAt .                        h - +1 pair of gloves RegenSP +++....... Dismiss .
                                n - +1 pair of boots of the Slorg {rC+ rCorr} RegenMP +++....... Reflect +
                                d - +4 amulet of reflection
MR     ++...     Harm     .     f - +3 ring of intelligence
Stlth  ++........               g - ring of wizardry

@: corroded, studying 2 skills, drained, slow, very resistant to hostile
enchantments, unstealthy
A: permanent stasis, dig shafts and tunnels, four strong arms, antennae 3, speed
1, low mp 1
a: Dig, Shaft Self, Renounce Religion


You were on level 7 of the Orcish Mines.
You worshipped Vehumet.
Vehumet was exalted by your worship.
You were not hungry.

You visited 3 branches of the dungeon, and saw 21 of its levels.
You also visited: Labyrinth, Bailey, Ice Cave and Volcano.

You collected 3930 gold pieces.
You spent 1742 gold pieces at shops.

Inventory:

Hand Weapons
 a - a +1 war axe
 l - the +2 mace "Beohoh" {crush, rElec rF- rN+ Dex+3}
   (You found it on level 5 of the Dungeon)

   It inflicts extra damage upon your enemies.
   It affects your dexterity (+3).
   It makes you vulnerable to fire.
   It insulates you from electricity.
   It protects you from negative energy.
 o - the +1 trident of Misery {freeze, rN++ SInv Stlth+}
   (You bought it in a shop on level 5 of the Orcish Mines)

   It has been specially enchanted to freeze those struck by it, causing extra
   injury to most foes and up to half again as much damage against particularly
   susceptible opponents.
   It can also slow down cold-blooded creatures.
   It greatly protects you from negative energy.
   It lets you see invisible.
   It makes you more stealthy.
 r - the +1 great sword of Reason (weapon) {holy, SInv}
   (You found it on level 3 of the Lair of Beasts)

   It has been blessed by the Shining One to cause great damage to the undead
   and demons.
   It lets you see invisible.
 G - the +5 flail of the Extremes {flame, rElec MR+ Dex+3}
   (You found it in an ice cave)

   It has been specially enchanted to burn those struck by it, causing extra
   injury to most foes and up to half again as much damage against particularly
   susceptible opponents.
   It affects your dexterity (+3).
   It insulates you from electricity.
   It affects your resistance to hostile enchantments.
Missiles
 b - 402 stones
Armour
 c - a +0 shield
 e - a +1 pair of gloves
 h - a +1 pair of gloves (worn)
 m - a +1 robe of magic resistance (worn)
 n - the +1 pair of boots of the Slorg (worn) {rC+ rCorr}
   (You found it on level 6 of the Dungeon)

   It protects you from cold.
   It protects you from acid and corrosion.
 F - the +5 shadow dragon armour of the Crypt {rF++ Stlth++++}
   (You found it in an ice cave)

   It greatly protects you from fire.
   It makes you much more stealthy.
 L - a +0 large shield of positive energy (worn)
 M - a +1 cloak of poison resistance (worn)
Magical Staves
 p - an uncursed staff of time
 w - an uncursed staff of power
Jewellery
 d - a +4 amulet of reflection (around neck)
 f - a +3 ring of intelligence (right hand)
 g - a ring of wizardry (left hand)
 i - an uncursed ring of flight
 z - an uncursed ring of protection from cold
 C - an uncursed ring of poison resistance
 N - a +6 ring of strength
Wands
 j - a wand of flame (134/120)
 k - a wand of teleportation (15/27)
 q - a wand of slowing (16/48)
 u - a wand of confusion (26/48)
 A - a wand of iceblast (8/15)
 B - a wand of lightning (8/15)
 E - a wand of random effects (29/48)
 O - a wand of digging (7/24)
 P - a wand of enslavement (10/24)
Scrolls
 b - a scroll of amnesia
 h - 3 scrolls of identify
 l - 2 scrolls of magic mapping
 n - 8 scrolls of enchant armour
 o - 5 scrolls of enchant weapon
 p - a scroll of fear
 t - 4 scrolls of remove curse
 u - a scroll of recharging
 v - 2 scrolls of fog
 A - a scroll of summoning
Potions
 c - 15 potions of stamina
 d - 9 potions of magic
 e - 8 potions of curing
 f - 3 potions of brilliance
 g - 5 potions of flight
 i - 2 potions of resistance
 j - 5 potions of berserk rage
 m - 8 potions of might
 q - 2 potions of cure mutation
 w - a potion of cancellation
 x - a potion of ambrosia
Books
 a - a book of Geomancy

   Spells                             Type                      Level
   a - Sandblast                      Earth                        1
   b - Passwall                       Transmutation/Earth          2
   c - Stone Arrow                    Earth                        2
   d - Petrify                        Transmutation/Earth          4
   e - Lee's Rapid Deconstruction     Transmutation/Earth          5
 k - a manual of Shields
 r - a book of Flames

   Spells                             Type                      Level
   a - Flame Tongue                   Fire                         1
   b - Conjure Flame                  Conjuration/Fire             3
   c - Inner Flame                    Hexes/Fire/Time              3
   d - Sticky Flame                   Conjuration/Fire/Time        4
   e - Fireball                       Conjuration/Fire/Light       5
   f - Bolt of Magma                  Conjuration/Fire/Earth       5
 s - a book of Clouds

   Spells                             Type                      Level
   a - Mephitic Cloud                 Conjuration/Poison/Air       3
   b - Conjure Flame                  Conjuration/Fire             3
   c - Poisonous Cloud                Conjuration/Poison/Air       6
   d - Freezing Cloud                 Conjuration/Ice/Air          6
   e - Ring of Flames                 Charms/Fire                  7
 y - a manual of Fighting
Miscellaneous
 x - a phial of floods
 y - a lamp of fire
 D - a sack of spiders


   Skills:
 + Level 8.0(7.8) Fighting
 - Level 4.9(4.7) Axes
 - Level 3.0(2.8) Dodging
 - Level 1.3(1.1) Stealth
 + Level 11.0(10.8) Shields
 + Level 11.1(10.8) Spellcasting
 - Level 4.2(4.0) Conjurations
 - Level 1.0(0.9) Transmutations
 - Level 3.6(3.4) Air Magic
 * Level 17.8(17.5) Earth Magic
 - Level 3.1(2.9) Evocations


You had 16 spell levels left.
You knew the following spells:

 Your Spells              Type           Power        Failure   Level  Hunger
a - Sandblast             Erth           #.........   2%          1    ##.....
b - Passwall              Tmut/Erth      #.........   3%          2    ##.....
c - Stone Arrow           Erth           #.........   3%          2    ##.....
d - Petrify               Tmut/Erth      #.........   9%          4    ###....
e - Magic Dart            Conj           #.........   6%          1    ##.....
f - Static Discharge      Conj/Air       #.........   22%         3    ##.....
g - Iron Shot             Conj/Erth      #.........   27%         6    ####...
h - Lee's Rapid Deconstr  Tmut/Erth      #.........   14%         5    ###....


Dungeon Overview and Level Annotations

Branches:
Dungeon (7/7)               Dwarf (0/4) Orc:2           Elf (0/4) Orc:2
 Forest (0/7) Orc:7          Lair (7/7) D:7             Orc (7/7) Lair:7
 Shoals (0/4) Lair:4        Snake (0/4) Lair:2       Spider (0/4) Orc:6
  Swamp (0/4) Lair:4

Altars:
Ashenzari
Cheibriados
Fedhas
Hepliaklqana
Kikubaaqudgha
Makhleb
Qazlal
Sif Muna
Trog
Vehumet
Xom
Beogh

Shops:
D:5 :   D:6 [   Lair:7 (   Orc:5 ?**[((   Orc:7 [

Portals:
Hell: Lair:7


Innate Abilities, Weirdness & Mutations

You are under a permanent stasis effect.
You can dig through walls and to a lower floor.
Your four strong arms can wield two-handed weapons with a shield.
You have a pair of large antennae on your head. (SInv)
You cover ground quickly.
Your magical capacity is low (-25 MP).


Message History

The orc warrior hits you from afar with a halberd! (hp-11)
The warg bites you! (hp-12)
* * * LOW HITPOINT WARNING * * *
The two-headed ogre hits you with a giant spiked club!! (hp-21)
* * * LOW HITPOINT WARNING * * *
The two-headed ogre hits you with a giant club.
You were prevented from receiving too much damage! (5 -> 2)
* * * LOW HITPOINT WARNING * * *
The ogre mage points at you and mumbles some strange words.
The bolt of lightning misses you.
The bolt of lightning hits the troll. (mon hp-45)
The troll dies!
The ogre completely misses you.
You riposte.
You completely miss the ogre. The red devil misses you.
The soul eater misses you. You block the sixfirhy's attack.
The ogre mage hits you with a whip! (hp-12)
* * * LOW HITPOINT WARNING * * *; You block the warg's attack.
You block the ice devil's attack.
The orc high priest hits you from afar with an enchanted glaive! (hp-9)
* * * LOW HITPOINT WARNING * * *; The sixfirhy hits you! (hp-15)
You die...

..... .......
.....###.......
...............
...............
............#..
.....oOoO......
....[44OO..#.#.
.....o4@3o..∩..
#.....O[h..#.#.
.....o.........
...............
......#........
.....###.......
....# #......
.... #.....


You could see a soul eater, 2 orc high priests, an ogre mage, an ice devil, a
sixfirhy, a two-headed ogre, a warg, a red devil, 3 orc warriors and 3 ogres.

Vanquished Creatures
  Kirke (Lair:6)
  2 orc warlords (Orc:6)
  4 stone giants (Orc:5)
  A minotaur (Lab)
  4 ettins
  Snorg (Lair:7)
  An ogre mage (Orc:5)
  10 hydras
  Erolcha (Orc:3)
  15 death yaks
  8 orc high priests
  A sun demon (Lair:7)
  3 fire crabs
  A hell knight (Volcano)
  Sonja (Lair:2)
  A wizard (Lair:7)
  A necromancer (IceCv)
  11 orc knights
  5 griffons
  2 lindwurms
  8 cyclopes
  2 manticores (Volcano)
  11 orc sorcerers
  An oklob plant (Lair:4)
  2 torpor snails (Lair:7)
  25 black mambas
  2 orange demons (Lair:7)
  41 elephants
  4 ice statues (IceCv)
  A smoke demon (Lair:7)
  Maurice (Orc:4)
  5 komodo dragons
  14 spiny frogs
  9 ice devils
  A hellwing (Lair:7)
  9 rime drakes
  3 red devils (Lair:7)
  15 trolls
  10 two-headed ogres
  3 polar bears
  Grinder (D:6)
  52 blink frogs
  2 redbacks (Orc:6)
  Duvessa (D:5)
  48 yaks
  3 hogs (Lair:6)
  A fire elemental (Volcano)
  5 wraiths (Lair:5)
  8 wyverns
  2 basilisks
  12 hippogriffs
  A fire bat (Volcano)
  5 swamp worms (Lair:4)
  17 wargs
  Sigmund (D:3)
  24 water moccasins
  4 hell hounds
  A phantom (D:7)
  Dowan (D:5)
  3 black bears
  3 ice beasts
  11 porcupines
  A sky beast (D:6)
  A necrophage (D:6)
  23 ogres
  52 orc warriors
  10 wolves
  18 crocodiles
  7 centaurs
  A big kobold (D:7)
  16 giant frogs
  A gnoll sergeant (Orc:5)
  2 scorpions (D:7)
  3 draconian simulacra (IceCv)
  4 killer bees (D:7)
  4 electric eels
  3 howler monkeys (D:7)
  A spriggan simulacrum (IceCv)
  A troll simulacrum (IceCv)
  8 lava snakes (Volcano)
  A centaur skeleton (D:7)
  3 crimson imps (D:7)
  4 giant frog skeletons
  2 giant frog zombies
  45 orc priests
  53 orc wizards
  A gnoll shaman (Orc:5)
  2 hounds
  Natasha (thrice) (D:4)
  18 iguanas
  6 worker ants
  20 sheep
  3 ogre simulacra (IceCv)
  2 naga simulacra (IceCv)
  A hound skeleton (D:6)
  A howler monkey zombie (D:6)
  5 dart slugs
  8 giant geckos
  3 oozes
  288 orcs
  12 adders
  8 bats
  11 giant cockroaches
  7 gnolls
  15 goblins
  15 hobgoblins
  12 jackals
  16 kobolds
  7 quokkas
  77 river rats
  12 white imps (Orc:1)
  5 worms
  An adder skeleton (D:4)
  An adder zombie (D:7)
  2 ball pythons (D:3)
  5 giant newts
  A quokka zombie (D:7)
  12 rats
  3 fungi
  A plant (Lair:7)
1295 creatures vanquished.

Vanquished Creatures (others)
  A stone giant (Orc:3)
  Josephine (Lair:5)
  Psyche (Orc:5)
  A troll (Orc:7)
  7 orc warriors
  A centaur (Lair:1)
  10 orcs
  16 fungi
  9 plants
  5 toadstools (D:1)
52 creatures vanquished.

Grand Total: 1347 creatures vanquished

Notes
Turn   | Place    | Note
-------+----------+-------------------------------------------
     0 | D:1      | AlphabetPasta the Formicid Earth Elementalist began the quest for the Orb.
     0 | D:1      | Reached XP level 1. HP: 32/32 MP: 100/100
    38 | D:1      | Reached XP level 2. HP: 42/42 MP: 83/100
    42 | D:1      | Learned a level 2 spell: Passwall
    45 | D:1      | Learned a level 2 spell: Stone Arrow
   242 | D:1      | Reached XP level 3. HP: 51/52 MP: 93/100
   263 | D:1      | Reached skill level 4 in Earth Magic
   652 | D:2      | Found a blossoming altar of Fedhas.
   660 | D:2      | Reached XP level 4. HP: 62/62 MP: 92/100
   666 | D:2      | Learned a level 4 spell: Petrify
   712 | D:2      | Found a hazy altar of Hepliaklqana.
   814 | D:2      | Reached skill level 1 in Fighting
   826 | D:2      | Found a shimmering altar of Xom.
  1243 | D:3      | Reached XP level 5. HP: 66/72 MP: 87/100
  1343 | D:3      | Found a burning altar of Makhleb.
  1404 | D:3      | Found a shattered altar of Ashenzari.
  1404 | D:3      | Noticed Sigmund
  1450 | D:3      | Killed Sigmund
  1450 | D:3      | Reached skill level 1 in Axes
  1450 | D:3      | Reached XP level 6. HP: 75/82 MP: 84/100
  1924 | D:3      | Found a stormy altar of Qazlal.
  2395 | D:4      | Found a snail-covered altar of Cheibriados.
  2463 | D:4      | Noticed Natasha
  2464 | D:4      | Killed Natasha
  2502 | D:4      | Noticed Natasha
  2508 | D:4      | Killed Natasha
  2535 | D:4      | Learned a level 4 spell: Petrify
  2651 | D:4      | Noticed Natasha
  2655 | D:4      | Killed Natasha
  2763 | D:4      | Found an ancient bone altar of Kikubaaqudgha.
  2767 | D:4      | Found a deep blue altar of Sif Muna.
  2769 | D:4      | Found a radiant altar of Vehumet.
  2774 | D:4      | Identified Vehumet's Grimoire of Conjuration
  2777 | D:4      | Learned a level 1 spell: Magic Dart
  2778 | D:4      | Became a worshipper of Vehumet
  2839 | D:5      | Entered Level 5 of the Dungeon
  3000 | D:5      | Found Vaevuk's Book Shop.
  3072 | D:5      | Reached XP level 7. HP: 28/92 MP: 78/100
  3419 | D:5      | Noticed Dowan
  3420 | D:5      | Noticed Duvessa
  3424 | D:5      | Killed Duvessa
  3428 | D:5      | Killed Dowan
  3428 | D:5      | Reached skill level 5 in Earth Magic
  3431 | D:5      | Noticed a moth of wrath
  3434 | D:5      | Found a bloodstained altar of Trog.
  3455 | D:5      | Got a twisted mace
  3646 | D:6      | Reached * piety under Vehumet
  3646 | D:6      | Offered knowledge of Freeze by Vehumet.
  3656 | D:6      | Noticed Grinder
  3663 | D:6      | Killed Grinder
  3663 | D:6      | Reached XP level 8. HP: 97/102 MP: 83/100
  3960 | D:6      | Found Werergh's Antique Armour Shoppe.
  4792 | D:6      | Got a pair of shimmering boots
  4798 | D:6      | Identified the +1 pair of boots of the Slorg {rC+ rCorr} (You found it on level 6 of the Dungeon)
  5016 | D:7      | Entered Level 7 of the Dungeon
  5017 | D:7      | Reached skill level 1 in Evocations
  5050 | D:7      | Offered knowledge of Sting by Vehumet.
  5052 | D:7      | Reached ** piety under Vehumet
  5061 | D:7      | Reached XP level 9. HP: 73/112 MP: 5/100
  5250 | D:7      | Offered knowledge of Mephitic Cloud by Vehumet.
  5264 | D:7      | Identified the +2 mace "Beohoh" {crush, rElec rF- rN+ Dex+3} (You found it on level 5 of the Dungeon)
  5399 | D:7      | Reached *** piety under Vehumet
  5547 | D:7      | Reached skill level 6 in Earth Magic
  5655 | D:7      | Found a staircase to the Lair.
  5671 | D:7      | Offered knowledge of Static Discharge by Vehumet.
  5736 | Lair:1   | Entered Level 1 of the Lair of Beasts
  5932 | Lair:1   | Learned a level 3 spell: Static Discharge
  5964 | Lair:1   | Reached XP level 10. HP: 107/122 MP: 74/100
  6163 | Lair:1   | Found a radiant altar of Vehumet.
  6175 | Lair:1   | Reached **** piety under Vehumet
  6457 | Lair:1   | Offered knowledge of Airstrike by Vehumet.
  6769 | Lair:1   | Reached skill level 1 in Air Magic
  7055 | Lair:1   | Reached skill level 1 in Conjurations
  7700 | Lair:2   | Reached XP level 11. HP: 88/132 MP: 70/100
  7959 | Lair:2   | Reached ***** piety under Vehumet
  8195 | Lair:2   | Offered knowledge of Throw Icicle by Vehumet.
  8477 | Lair:2   | Found a staircase to the Snake Pit.
  8487 | Lair:2   | Reached skill level 5 in Spellcasting
  8487 | Lair:2   | Reached skill level 7 in Earth Magic
  8774 | Lair:2   | Noticed Sonja
  8782 | Lair:2   | Killed Sonja
  9149 | Lair:3   | Reached XP level 12. HP: 53/142 MP: 65/100
  9598 | Lair:3   | Got a shimmering great sword
 10236 | Lair:3   | Reached skill level 8 in Earth Magic
 10712 | Lair:4   | Found a labyrinth entrance.
 10723 | Lab      | Entered a labyrinth
 11146 | Lab      | Noticed a minotaur
 11150 | Lab      | Killed a minotaur
 11169 | Lair:4   | Identified the +1 great sword of Reason {holy, SInv} (You found it on level 3 of the Lair of Beasts)
 11276 | Lair:4   | Offered knowledge of Bolt of Draining by Vehumet.
 11284 | Lair:4   | Reached XP level 13. HP: 140/152 MP: 100/100
 11416 | Lair:4   | Reached skill level 1 in Shields
 11655 | Lair:4   | Found a staircase to the Swamp.
 11788 | Lair:4   | Found a staircase to the Shoals.
 12813 | Lair:5   | Noticed a death yak
 12813 | Lair:5   | Noticed a death yak
 12813 | Lair:5   | Noticed a death yak
 12816 | Lair:5   | Killed a death yak
 12926 | Lair:5   | Reached skill level 9 in Earth Magic
 13017 | Lair:5   | Reached XP level 14. HP: 72/162 MP: 74/100
 13621 | Lair:5   | Noticed Josephine
 13626 | Lair:5   | Killed Josephine
 13667 | Lair:5   | Reached skill level 10 in Earth Magic
 14282 | Lair:5   | Offered knowledge of Spellforged Servitor by Vehumet.
 15099 | Lair:5   | Reached skill level 5 in Shields
 15099 | Lair:5   | Reached XP level 15. HP: 104/172 MP: 98/100
 15340 | Lair:5   | Reached skill level 11 in Earth Magic
 16073 | Lair:6   | Reached skill level 12 in Earth Magic
 16376 | Lair:6   | Reached ****** piety under Vehumet
 16385 | Lair:6   | Noticed Kirke
 16392 | Lair:6   | Killed Kirke
 16392 | Lair:6   | Reached XP level 16. HP: 167/182 MP: 96/100
 16463 | Lair:6   | Offered knowledge of Iron Shot by Vehumet.
 17449 | Lair:7   | Entered Level 7 of the Lair of Beasts
 17500 | Lair:7   | Reached skill level 13 in Earth Magic
 17585 | Lair:7   | Found a staircase to the Orcish Mines.
 17585 | Lair:7   | Found Otygocw's Weapon Shoppe.
 18088 | Lair:7   | Learned a level 6 spell: Iron Shot
 18105 | Lair:7   | Reached skill level 14 in Earth Magic
 18140 | Lair:7   | Reached XP level 17. HP: 183/192 MP: 80/100
 18979 | Lair:7   | Offered knowledge of Poison Arrow by Vehumet.
 19464 | Lair:7   | Reached skill level 15 in Earth Magic
 19522 | Lair:7   | Found a burning altar of Makhleb.
 19585 | Lair:7   | Found a gateway to Hell.
 19656 | Lair:7   | Noticed Snorg
 19662 | Lair:7   | Killed Snorg
 19847 | Orc:1    | Entered Level 1 of the Orcish Mines
 19995 | Orc:1    | Found a frozen archway.
 20016 | Orc:1    | Learned a level 5 spell: Lee's Rapid Deconstruction
 20017 | IceCv    | Entered an ice cave
 20112 | IceCv    | Offered knowledge of Delayed Fireball by Vehumet.
 20251 | IceCv    | Got a warped shadow dragon armour
 20253 | IceCv    | Got a translucent flail
 20264 | IceCv    | Identified the +5 shadow dragon armour of the Crypt {rF++ Stlth++++} (You found it in an ice cave)
 20316 | Orc:1    | Identified the +5 flail of the Extremes {flame, rElec MR+ Dex+3} (You found it in an ice cave)
 20840 | Orc:2    | Reached skill level 10 in Spellcasting
 20882 | Orc:2    | Found a staircase to the Dwarven Fortress.
 20900 | Orc:2    | Found a dark tunnel.
 20923 | Volcano  | Entered a volcano
 21043 | Volcano  | Found a burning altar of Makhleb.
 21072 | Volcano  | Found a bloodstained altar of Trog.
 21319 | Orc:2    | Offered knowledge of Orb of Destruction by Vehumet.
 21478 | Orc:2    | Found a staircase to the Elven Halls.
 22126 | Orc:3    | Found a roughly hewn altar of Beogh.
 22251 | Orc:3    | Noticed Erolcha
 22259 | Orc:3    | Killed Erolcha
 22259 | Orc:3    | Reached skill level 16 in Earth Magic
 22262 | Orc:3    | Reached skill level 5 in Fighting
 22262 | Orc:3    | Reached XP level 18. HP: 122/202 MP: 42/100
 22633 | Orc:4    | Noticed Maurice
 22648 | Orc:4    | Killed Maurice
 22652 | Orc:4    | Offered knowledge of Lehudib's Crystal Spear by Vehumet.
 22652 | Orc:4    | Offered knowledge of Shatter by Vehumet.
 22652 | Orc:4    | Offered knowledge of Chain Lightning by Vehumet.
 22951 | Orc:5    | Found Ruahen's Antique Weapon Boutique.
 22995 | Orc:5    | HP: 19/202 [orc warrior/great sword (8)]
 23043 | Orc:5    | Found a flagged portal.
 23053 | Bailey   | Entered a bailey
 23323 | Bailey   | Identified a scroll of acquirement
 23460 | Orc:5    | Found Nunwe's Magic Scroll Shoppe.
 23468 | Orc:5    | Bought a scroll of magic mapping for 70 gold pieces
 23468 | Orc:5    | Bought a scroll of magic mapping for 70 gold pieces
 23468 | Orc:5    | Bought a scroll of identify for 40 gold pieces
 23590 | Orc:5    | Found Istrouqipn's Assorted Antiques.
 23591 | Orc:5    | Found Xaenwiniesh's General Store.
 23641 | Orc:5    | Bought a scroll of summoning for 114 gold pieces
 23661 | Orc:5    | Bought an embroidered cloak for 117 gold pieces
 23661 | Orc:5    | Bought an ivory ring for 130 gold pieces
 23661 | Orc:5    | Bought a potion of brilliance for 104 gold pieces
 23661 | Orc:5    | Bought a potion of brilliance for 104 gold pieces
 23661 | Orc:5    | Bought a potion of magic for 208 gold pieces
 23661 | Orc:5    | Bought a sharpened fluorescent wand for 104 gold pieces
 23661 | Orc:5    | Bought an encrusted wooden wand for 104 gold pieces
 23702 | Orc:5    | Found Jodyast's Antique Armour Shoppe.
 23710 | Orc:5    | Bought a pair of glowing gloves for 148 gold pieces
 23758 | Orc:5    | Reached skill level 17 in Earth Magic
 24032 | Orc:5    | Noticed Psyche
 24036 | Orc:5    | Killed Psyche
 24229 | Orc:5    | Found Itutue's Weapon Boutique.
 24248 | Orc:5    | Reached skill level 10 in Shields
 24272 | Orc:5    | Bought the +1 trident of Misery {freeze, rN++ SInv Stlth+} for 429 gold pieces
 24770 | Orc:6    | HP: 20/202 [orc warrior/glaive[an orc high priest] (24)]
 25138 | Orc:6    | Found a hole to the Spider Nest.
 25153 | Orc:6    | Gained mutation: Your magical capacity is low (-25 MP). [a neqoxec]
 25172 | Orc:6    | Reached XP level 19. HP: 100/212 MP: 57/75
 25477 | Orc:7    | Entered Level 7 of the Orcish Mines
 25477 | Orc:7    | Found a staircase to the Enchanted Forest.
 25540 | Orc:7    | Found Sykhlousm's Antique Armour Emporium.
 25551 | Orc:7    | HP: 17/212 [warg[an orc high priest] (16)]
 25557 | Orc:7    | HP: 18/212 [ogre mage/whip (12)]
 25557 | Orc:7    | Mangled by a sixfirhy

Skill      XL: |  1  2  3  4  5  6  7  8  9 10 11 12 13 14 15 16 17 18 19 |
---------------+----------------------------------------------------------+-----
Spellcasting   | 3 4 5 6 7 8 9 10 11 | 11.1
Earth Magic    | 4 5 6 7 8 9 10 12 14 16 17 | 17.8
Fighting       | 1 2 3 5 7 8 |  8.0
Axes           | 1 2 3 4 |  4.9
Dodging        | 3 |  3.0
Evocations     | 1 2 3 |  3.1
Air Magic      | 1 2 3 |  3.6
Conjurations   | 1 2 3 4 |  4.2
Shields        | 2 5 6 8 9 10 11 | 11.0
Stealth        | |  1.3
Transmutations | |  1.0

Action                   |  1- 3 |  4- 6 |  7- 9 | 10-12 | 13-15 | 16-18 | 19-21 || total
-------------------------+-------+-------+-------+-------+-------+-------+-------++-------
Melee: War axe           |       |       |     7 |    23 |    18 |     1 |       ||    49
       Great sword       |       |       |       |       |       |   194 |    46 ||   240
 Cast: Sandblast         |    43 |   165 |     8 |    20 |     7 |   205 |    10 ||   458
       Stone Arrow       |       |    73 |   198 |   247 |   408 |   671 |    26 ||  1623
       Magic Dart        |       |       |     5 |    52 |   149 |   265 |     7 ||   478
       Passwall          |       |       |       |     1 |       |       |       ||     1
       Static Discharge  |       |       |       |       |     2 |       |       ||     2
       Lee's Rapid Decon |       |       |       |       |       |    36 |     1 ||    37
 Abil: Dig               |       |       |       |       |       |     8 |     1 ||     9
  Use: Scroll            |       |    11 |     6 |     6 |     4 |     8 |       ||    35
       Potion            |       |     1 |       |     6 |     4 |     4 |       ||    15
Armor: Robe              |     4 |    44 |    49 |    83 |   110 |   247 |    21 ||   558
       Shadow dragon arm |       |       |       |       |       |     6 |       ||     6
Dodge: Dodged            |    23 |   182 |   140 |   313 |   361 |   721 |   106 ||  1846
Block: Other             |       |       |    27 |    81 |    91 |    21 |       ||   220
       Reflection        |       |       |       |     5 |     1 |    70 |     4 ||    80
       Shield            |       |       |       |       |       |   873 |    14 ||   887
       Large shield      |       |       |       |       |       |       |    61 ||    61
